TOP OF THE 1ST |
Indianapolis Indians batting - Pitching for Gwinnett Braves : RHP Dantae Elizondo
|
Pitching: RHP Dantae Elizondo
|
|
Batting: RHB David Contreras
|
0-0: Called Strike 0-1: Ball 1-1: Called Strike 1-2: Ball 2-2: Fly out, F3 (Line Drive, 3, EV 71.9 MPH)
|
Batting: RHB Caleb Russell
|
0-0: Called Strike 0-1: Single, Error in OF, E7, batter to second base (Line Drive, 56D, EV 100.0 MPH)
|
Batting: RHB Mike Cochran
|
0-0: Foul Ball, location: 2F 0-1: Called Strike 0-2: Ball 1-2: Fly out, F7 (Line Drive, 7D, EV 98.1 MPH)
|
Batting: LHB Pat Sutton
|
0-0: Fly out, F7 (Flyball, 7D, EV 86.3 MPH)
|
Top of the 1st over - 0 runs, 1 hit, 1 error, 1 left on base; Indianapolis 0 - Gwinnett 0 |
BOTTOM OF THE 1ST |
Gwinnett Braves batting - Pitching for Indianapolis Indians : RHP Juan Lucero
|
Pitching: RHP Juan Lucero
|
|
Batting: RHB Alex Munoz
|
0-0: Ball 1-0: Called Strike 1-1: Ground out 6-3 (Groundball, 6D, EV 99.4 MPH)
|
Batting: RHB Luis Revilla
|
0-0: SINGLE (Line Drive, 9LS, EV 90.6 MPH)
|
Batting: LHB Ricky Ayon
|
0-0: Ball 1-0: Ball 2-0: Ball 3-0: Base on Balls Luis Revilla to second
|
Batting: RHB Jake Lang
|
0-0: Ball 1-0: Swinging Strike 1-1: Swinging Strike 1-2: Strikes out looking
|
Batting: LHB Jose Chinchilla
|
0-0: Ball 1-0: Ball 2-0: Called Strike 2-1: Fielders Choice at 2nd, 4-6 (Groundball, 4MD, EV 103.8 MPH)
|
Bottom of the 1st over - 0 runs, 1 hit, 0 errors, 2 left on base; Indianapolis 0 - Gwinnett 0 |
TOP OF THE 2ND |
Indianapolis Indians batting - Pitching for Gwinnett Braves : RHP Dantae Elizondo
|
Batting: SHB Ben Myers
|
0-0: Ground out 5-3 (Groundball, 5, EV 86.9 MPH)
|
Batting: RHB Bubba Tierney
|
0-0: Ball 1-0: Foul Ball, location: 2F 1-1: Ground out 3-1 (Groundball, 34, EV 75.6 MPH)
|
Batting: LHB Marc Carter
|
0-0: Ball 1-0: Swinging Strike 1-1: Foul Ball, location: 2F 1-2: Ball 2-2: Ball 3-2: SINGLE (Line Drive, 34, EV 94.4 MPH)
|
Batting: RHB Kirk Seiffert
|
0-0: Ball 1-0: Ball 2-0: Called Strike 2-1: Ground out 4-3 (Groundball, 34, EV 86.3 MPH)
|
Top of the 2nd over - 0 runs, 1 hit, 0 errors, 1 left on base; Indianapolis 0 - Gwinnett 0 |
BOTTOM OF THE 2ND |
Gwinnett Braves batting - Pitching for Indianapolis Indians : RHP Juan Lucero
|
Batting: RHB Jesse Lester
|
0-0: Called Strike 0-1: Ball 1-1: Foul Ball, location: 2F 1-2: Ball 2-2: Fly out, F9 (Flyball, 89XD, EV 107.5 MPH)
|
Batting: RHB Ethan McCullough
|
0-0: Called Strike 0-1: Ball 1-1: Foul Ball, location: 2F 1-2: Ball 2-2: DOUBLE (Line Drive, 9LS, EV 102.5 MPH)
|
Batting: RHB Angel Lescano
|
0-0: Ball 1-0: Ball 2-0: Called Strike 2-1: Ground out 4-3 (Groundball, 4, EV 97.5 MPH) Ethan McCullough to third
|
Batting: SHB Tim Rodgers
|
0-0: Foul Ball, location: 2F 0-1: Called Strike 0-2: Foul Ball, location: 2F 0-2: Foul Ball, location: 2F 0-2: Ball 1-2: Ball 2-2: 2-RUN HOME RUN (Flyball, 9LD, EV 90.6 MPH), Distance : 350 ft
|
Batting: RHB Alex Munoz
|
0-0: Called Strike 0-1: Ball 1-1: Swinging Strike 1-2: Foul Ball, location: 2F 1-2: Foul Ball, location: 2F 1-2: Ground out 3-1 (Groundball, 34, EV 111.3 MPH)
|
Bottom of the 2nd over - 2 runs, 2 hits, 0 errors, 0 left on base; Indianapolis 0 - Gwinnett 2 |
TOP OF THE 3RD |
Indianapolis Indians batting - Pitching for Gwinnett Braves : RHP Dantae Elizondo
|
Batting: RHB Toshimi Shishido
|
0-0: Called Strike 0-1: Ball 1-1: Ball 2-1: Foul Ball, location: 2F 2-2: Strikes out swinging
|
Batting: RHB David Contreras
|
0-0: Called Strike 0-1: Foul Ball, location: 2F 0-2: Ball 1-2: Ball 2-2: Ball 3-2: SINGLE (Line Drive, 34, EV 96.9 MPH)
|
Batting: RHB Caleb Russell
|
0-0: Ball David Contreras steals 2nd base (no throw) 1-0: Swinging Strike 1-1: Ball 2-1: Called Strike David Contreras steals 3rd base 2-2: Ball 3-2: SINGLE (Groundball, 56D, EV 110.6 MPH) David Contreras scores
|
Batting: RHB Mike Cochran
|
0-0: Called Strike 0-1: Ball 1-1: Ball 2-1: Foul Ball, location: 2F 2-2: Fly out, F8 (Flyball, 78D, EV 80.6 MPH)
|
Batting: LHB Pat Sutton
|
0-0: Ball Caleb Russell steals 2nd base 1-0: SINGLE (Groundball, 34S, EV 66.9 MPH) (infield hit) Caleb Russell to third
|
Batting: SHB Ben Myers
|
0-0: Swinging Strike 0-1: Ball 1-1: Ball 2-1: Foul Ball, location: 2F 2-2: Strikes out swinging
|
Top of the 3rd over - 1 run, 3 hits, 0 errors, 2 left on base; Indianapolis 1 - Gwinnett 2 |
BOTTOM OF THE 3RD |
Gwinnett Braves batting - Pitching for Indianapolis Indians : RHP Juan Lucero
|
Batting: RHB Luis Revilla
|
0-0: Called Strike 0-1: Foul Ball, location: 2F 0-2: Ball 1-2: Fly out, F9 (Line Drive, 9, EV 89.4 MPH)
|
Batting: LHB Ricky Ayon
|
0-0: Foul Ball, location: 2F 0-1: Ball 1-1: Ground out 5-3 (Groundball, 15, EV 85.0 MPH)
|
Batting: RHB Jake Lang
|
0-0: Ball 1-0: Ball 2-0: Ball 3-0: Fly out, F8 (Line Drive, 8RD, EV 84.4 MPH)
|
Bottom of the 3rd over - 0 runs, 0 hits, 0 errors, 0 left on base; Indianapolis 1 - Gwinnett 2 |
TOP OF THE 4TH |
Indianapolis Indians batting - Pitching for Gwinnett Braves : RHP Dantae Elizondo
|
Batting: RHB Bubba Tierney
|
0-0: Foul Ball, location: 2F 0-1: Fly out, F3 (Line Drive, 3, EV 73.8 MPH)
|
Batting: LHB Marc Carter
|
0-0: Ground out U3 (Groundball, 3L, EV 104.4 MPH)
|
Batting: RHB Kirk Seiffert
|
0-0: Ball 1-0: Ground out 4-3 (Groundball, 4M, EV 88.1 MPH)
|
Top of the 4th over - 0 runs, 0 hits, 0 errors, 0 left on base; Indianapolis 1 - Gwinnett 2 |
BOTTOM OF THE 4TH |
Gwinnett Braves batting - Pitching for Indianapolis Indians : RHP Juan Lucero
|
Batting: LHB Jose Chinchilla
|
0-0: Ball 1-0: Ball 2-0: SOLO HOME RUN (Flyball, 89XD, EV 110.6 MPH), Distance : 413 ft
|
Batting: RHB Jesse Lester
|
0-0: Swinging Strike 0-1: Ball 1-1: Called Strike 1-2: Ball 2-2: Strikes out looking
|
Batting: RHB Ethan McCullough
|
0-0: Ball 1-0: Called Strike 1-1: Swinging Strike 1-2: Ground out 6-3 (Groundball, 6, EV 80.0 MPH)
|
Batting: RHB Angel Lescano
|
0-0: Swinging Strike 0-1: Ball 1-1: Foul Ball, location: 2F 1-2: Foul Ball, location: 2F 1-2: Ground out 6-3 (Groundball, 6, EV 85.6 MPH)
|
Bottom of the 4th over - 1 run, 1 hit, 0 errors, 0 left on base; Indianapolis 1 - Gwinnett 3 |
TOP OF THE 5TH |
Indianapolis Indians batting - Pitching for Gwinnett Braves : RHP Dantae Elizondo
|
Batting: RHB Toshimi Shishido
|
0-0: Ball 1-0: Ground out 6-3 (Groundball, 6M, EV 105.0 MPH)
|
Batting: RHB David Contreras
|
0-0: Swinging Strike 0-1: Fly out, F7 (Flyball, 78M, EV 80.0 MPH)
|
Batting: RHB Caleb Russell
|
0-0: Ball 1-0: Foul Ball, location: 2F 1-1: Swinging Strike 1-2: Ball 2-2: SINGLE (Groundball, 6D, EV 100.6 MPH)
|
Batting: RHB Mike Cochran
|
0-0: Ball 1-0: Called Strike Caleb Russell steals 2nd base (no throw) 1-1: Ball 2-1: Swinging Strike 2-2: Foul Ball, location: 2F 2-2: Fly out, F8 (Line Drive, 8RD, EV 91.3 MPH)
|
Top of the 5th over - 0 runs, 1 hit, 0 errors, 1 left on base; Indianapolis 1 - Gwinnett 3 |
BOTTOM OF THE 5TH |
Gwinnett Braves batting - Pitching for Indianapolis Indians : RHP Juan Lucero
|
Batting: SHB Tim Rodgers
|
0-0: Ball 1-0: Ball 2-0: SINGLE (Groundball, 4D, EV 97.5 MPH)
|
Batting: RHB Alex Munoz
|
0-0: Ball 1-0: Ball 2-0: Ball 3-0: Base on Balls Tim Rodgers to second
|
Batting: RHB Luis Revilla
|
0-0: Called Strike 0-1: SINGLE (Line Drive, 6D, EV 106.3 MPH) Tim Rodgers to third Alex Munoz to second Runner from 3rd tries for Home, SAFE, throw by LF to home
|
Batting: LHB Ricky Ayon
|
0-0: Called Strike 0-1: Swinging Strike 0-2: Fielders Choice at 2nd, 3-6 (Groundball, 3, EV 105.6 MPH) Alex Munoz to third
|
Batting: RHB Jake Lang
|
0-0: Ball 1-0: Ball Ricky Ayon steals 2nd base 2-0: Foul Ball, location: 2F 2-1: Fly out, F7 (Line Drive, 7, EV 96.9 MPH) Runner from 3rd tags up, SCORES, throw by LF
|
Pitching: RHP Mitch Ingerson
|
|
Batting: LHB Jose Chinchilla
|
0-0: Ball 1-0: Ball 2-0: Foul Ball, location: 2F 2-1: DOUBLE (Line Drive, 7LS, EV 98.1 MPH) Ricky Ayon scores
|
Batting: RHB Jesse Lester
|
0-0: Ball 1-0: Swinging Strike 1-1: Swinging Strike 1-2: Ball 2-2: 2-RUN HOME RUN (Flyball, 7D, EV 100.6 MPH), Distance : 367 ft
|
Batting: RHB Ethan McCullough
|
0-0: Fly out, F8 (Flyball, 8LXD, EV 110.0 MPH)
|
Bottom of the 5th over - 5 runs, 4 hits, 0 errors, 0 left on base; Indianapolis 1 - Gwinnett 8 |
TOP OF THE 6TH |
Indianapolis Indians batting - Pitching for Gwinnett Braves : RHP Dantae Elizondo
|
Batting: LHB Pat Sutton
|
0-0: Fly out, F7 (Flyball, 7LD, EV 96.3 MPH)
|
Batting: SHB Ben Myers
|
0-0: Ball 1-0: Foul Ball, location: 2F 1-1: Swinging Strike 1-2: Foul Ball, location: 2F 1-2: SOLO HOME RUN (Flyball, 89XD, EV 100.0 MPH), Distance : 417 ft
|
Batting: RHB Bubba Tierney
|
0-0: Called Strike 0-1: Ball 1-1: Foul Ball, location: 2F 1-2: Ball 2-2: Strikes out swinging
|
Batting: LHB Marc Carter
|
0-0: Called Strike 0-1: Ball 1-1: Ball 2-1: Foul Ball, location: 2F 2-2: Ball 3-2: Base on Balls
|
Batting: RHB Kirk Seiffert
|
0-0: Ball 1-0: Ball 2-0: Fly out, F8 (Flyball, 8RD, EV 94.4 MPH)
|
Top of the 6th over - 1 run, 1 hit, 0 errors, 1 left on base; Indianapolis 2 - Gwinnett 8 |
BOTTOM OF THE 6TH |
Gwinnett Braves batting - Pitching for Indianapolis Indians : RHP Mitch Ingerson
|
Batting: RHB Angel Lescano
|
0-0: Swinging Strike 0-1: Swinging Strike 0-2: SINGLE (Groundball, 56D, EV 102.5 MPH)
|
Batting: SHB Tim Rodgers
|
0-0: Called Strike 0-1: Ball 1-1: Ball 2-1: Fly out, F9 (Flyball, 9LM, EV 93.1 MPH)
|
Batting: RHB Alex Munoz
|
0-0: Ball 1-0: Ball 2-0: Ball 3-0: Base on Balls Angel Lescano to second
|
Batting: RHB Luis Revilla
|
0-0: Called Strike 0-1: Foul Ball, location: 2F 0-2: Grounds into double play, 5-4-3 (Groundball, 5, EV 102.5 MPH)
|
Bottom of the 6th over - 0 runs, 1 hit, 0 errors, 1 left on base; Indianapolis 2 - Gwinnett 8 |
TOP OF THE 7TH |
Indianapolis Indians batting - Pitching for Gwinnett Braves : RHP Dantae Elizondo
|
Pitching: RHP Craig Noble
|
|
Batting: RHB Toshimi Shishido
|
0-0: Called Strike 0-1: Ball 1-1: Ball 2-1: Ball 3-1: Base on Balls
|
Batting: RHB David Contreras
|
0-0: Called Strike 0-1: Swinging Strike 0-2: Strikes out swinging
|
Batting: RHB Caleb Russell
|
0-0: Called Strike 0-1: Ball 1-1: Ball 2-1: Foul Ball, location: 2F 2-2: Fly out, F8 (Flyball, 78S, EV 73.1 MPH)
|
Batting: RHB Mike Cochran
|
0-0: Called Strike 0-1: Ball 1-1: Called Strike 1-2: Fielders Choice at 2nd, 5-4 (Groundball, 56, EV 99.4 MPH)
|
Top of the 7th over - 0 runs, 0 hits, 0 errors, 1 left on base; Indianapolis 2 - Gwinnett 8 |
BOTTOM OF THE 7TH |
Gwinnett Braves batting - Pitching for Indianapolis Indians : RHP Mitch Ingerson
|
Batting: LHB Ricky Ayon
|
0-0: Ball 1-0: Foul Ball, location: 2F 1-1: Foul Ball, location: 2F 1-2: Foul Ball, location: 2F 1-2: Ball 2-2: Foul Ball, location: 2F 2-2: Foul Ball, location: 2F 2-2: Foul Ball, location: 2F 2-2: Ground out 4-3 (Groundball, 34S, EV 76.9 MPH)
|
Batting: RHB Jake Lang
|
0-0: Swinging Strike 0-1: Ball 1-1: Foul Ball, location: 2F 1-2: Strikes out swinging
|
Batting: LHB Jose Chinchilla
|
0-0: Ball 1-0: Fly out, F8 (Flyball, 8LS, EV 93.8 MPH)
|
Bottom of the 7th over - 0 runs, 0 hits, 0 errors, 0 left on base; Indianapolis 2 - Gwinnett 8 |
TOP OF THE 8TH |
Indianapolis Indians batting - Pitching for Gwinnett Braves : RHP Craig Noble
|
Batting: LHB Pat Sutton
|
0-0: Fly out, F3 (Popup, 3SF, EV 77.5 MPH)
|
Batting: SHB Ben Myers
|
0-0: Called Strike 0-1: Ball 1-1: Swinging Strike 1-2: Ball 2-2: Ball 3-2: Base on Balls
|
Batting: RHB Bubba Tierney
|
0-0: Ball 1-0: Called Strike 1-1: Foul Ball, location: 2F 1-2: Foul Ball, location: 2F 1-2: Foul Ball, location: 2F 1-2: Fielders Choice at 2nd, 4-6 (Groundball, 4M, EV 80.6 MPH)
|
Batting: LHB Marc Carter
|
0-0: Foul Ball, location: 2F 0-1: Ball 1-1: Foul Ball, location: 2F 1-2: Fly out, F9 (Line Drive, 9, EV 87.5 MPH)
|
Top of the 8th over - 0 runs, 0 hits, 0 errors, 1 left on base; Indianapolis 2 - Gwinnett 8 |
BOTTOM OF THE 8TH |
Gwinnett Braves batting - Pitching for Indianapolis Indians : RHP Mitch Ingerson
|
Batting: RHB Jesse Lester
|
0-0: Ball 1-0: Fly out, F3 (Popup, 34, EV 71.3 MPH)
|
Batting: RHB Ethan McCullough
|
0-0: Ball 1-0: Ball 2-0: Called Strike 2-1: Ball 3-1: Called Strike 3-2: DOUBLE (Groundball, 5L, EV 106.3 MPH)
|
Batting: RHB Angel Lescano
|
0-0: Swinging Strike 0-1: Called Strike 0-2: Ball 1-2: Ball 2-2: Foul Ball, location: 2F 2-2: Ball 3-2: Base on Balls
|
Batting: SHB Tim Rodgers
|
0-0: Fly out, F6 (Flyball, 6D, EV 85.6 MPH)
|
Batting: RHB Alex Munoz
|
0-0: Called Strike 0-1: Ball 1-1: Foul Ball, location: 2F 1-2: Ball 2-2: Ball 3-2: Ground out 5-3 (Groundball, 56, EV 88.8 MPH)
|
Bottom of the 8th over - 0 runs, 1 hit, 0 errors, 2 left on base; Indianapolis 2 - Gwinnett 8 |
TOP OF THE 9TH |
Indianapolis Indians batting - Pitching for Gwinnett Braves : RHP Craig Noble
|
Batting: RHB Kirk Seiffert
|
0-0: Ground out 6-3 (Groundball, 6M, EV 79.4 MPH)
|
Batting: RHB Toshimi Shishido
|
0-0: Ball 1-0: Called Strike 1-1: Ground out 2-3 (Groundball, 15S, EV 70.6 MPH)
|
Batting: RHB David Contreras
|
0-0: Ball 1-0: Foul Ball, location: 2F 1-1: Fly out, F8 (Flyball, 78M, EV 85.6 MPH)
|
Top of the 9th over - 0 runs, 0 hits, 0 errors, 0 left on base; Indianapolis 2 - Gwinnett 8 |
|